 Dungeon Crawl Stone Soup version 0.29-a0-338-g1ff7896281 (webtiles) character file.

Game seed: 10205919762948292242

244274 siradein the Warrior (level 18, -29/166 (168) HPs)
             Began as a Minotaur Fighter on Apr 18, 2022.
             Was the Champion of Ru.
             Killed from afar by a lindwurm (45 damage)
             ... with a blast of flame
             ... on level 1 of the Vaults.
             The game lasted 02:38:58 (48267 turns).

siradein the Warrior (Minotaur Fighter)            Turns: 48267, Time: 02:38:58

HP:   -29/166 (168) AC: 33    Str: 26    XL:     18   Next: 73%
MP:   15/15         EV: 15    Int:  5    God:    Ru [******]
Gold: 2736          SH: 19    Dex: 15    Spells: 17/17 levels left

rFire   x . .      SeeInvis +   b - +3 rapier (vamp)
rCold   x . .      Faith    .   l - +5 kite shield {reflect}
rNeg    . . .      Spirit   .   T - +3 chain mail of Patterns {Str+4}
rPois   .          Reflect  +   (helmet restricted)
rElec   .          Harm     .   K - +1 cloak
rCorr   .          Rampage  .   u - +2 pair of gloves
Will    +....                   O - +2 pair of boots {Stlth+}
Stlth   ..........              c - amulet of regeneration
HPRegen 1.17/turn               N - ring of see invisible
MPRegen 0.14/turn               Z - +4 ring of protection

@: marked, glowing, lightly drained
A: horns 2, low MP 1, hated by all, no conjurations magic, no fire magic, no
transmutations magic, unskilled 1, temperature sensitive, retaliatory headbutt,
iridescent scales 1, clumsy 1
}: 2/15 runes: barnacled, gossamer
a: Renounce Religion, Draw Out Power, Power Leap, Apocalypse


You were on level 1 of the Vaults.
You worshipped Ru.
Ru was exalted by your worship.
You visited 7 branches of the dungeon, and saw 34 of its levels.
You visited the Abyss 1 time.
You also visited: Sewer and Gauntlet.

You collected 3212 gold pieces.
You spent 476 gold pieces at shops.

Inventory:

Hand Weapons
 b - a +3 vampiric rapier (weapon)
 h - a +2 long sword of flaming
 x - a +5 double sword of venom
 Y - a +7 long sword of electrocution
Missiles
 y - 8 throwing nets
Armour
 l - a +5 kite shield of reflection (worn)
 u - a +2 pair of gloves (worn)
 K - a +1 cloak (worn)
 O - a +2 pair of boots of stealth (worn)
 T - the +3 chain mail of Patterns (worn) {Str+4}
   (You took it off an orc on level 10 of the Dungeon)

   Str:       It affects your strength (+4).
Jewellery
 c - an amulet of regeneration (around neck)
 i - a ring of poison resistance
 k - a ring of protection from fire
 z - a ring of protection from cold
 D - the ring of Internal Strife {*Corrode rElec rPois Str+4 Dex-3}
   (You found it on level 1 of the Spider Nest)

   [ring of poison resistance]

   Str:       It affects your strength (+4).
   Dex:       It affects your dexterity (-3).
   rElec:     It insulates you from electricity.
   rPois:     It protects you from poison.
   *Corrode:  It may corrode you when you take damage.
 N - a ring of see invisible (left hand)
 R - an amulet of magic regeneration
 S - a ring of protection from cold
 W - a ring of flight
 X - the ring "Viall" {*Slow +Blink rN++ Str+4 Dex+6}
   (You found it on level 4 of the Shoals)

   [ring of dexterity]

   Str:       It affects your strength (+4).
   Dex:       It affects your dexterity (+6).
   rN:        It greatly protects you from negative energy.
   +Blink:    It lets you blink.
   *Slow:     It may slow you when you take damage.
 Z - a +4 ring of protection (right hand)
Wands
 a - a wand of paralysis (8)
 v - a wand of acid (7)
 w - a wand of iceblast (28)
 C - a wand of digging (9)
 G - a wand of flame (88)
 Q - a wand of polymorph (19)
Scrolls
 g - 10 scrolls of teleportation
 m - 5 scrolls of fog
 p - 6 scrolls of identify
 s - 7 scrolls of amnesia
 A - 9 scrolls of blinking
 B - 3 scrolls of immolation
 E - 2 scrolls of silence
 F - 4 scrolls of holy word
 H - 5 scrolls of magic mapping
 J - a scroll of fear
Potions
 d - 10 potions of might
 e - 16 potions of flight
 f - a potion of heal wounds
 j - 22 potions of curing
 n - 8 potions of haste
 o - a potion of brilliance
 q - 9 potions of mutation
 r - 6 potions of invisibility
 t - 5 potions of resistance
 L - 6 potions of ambrosia
 M - 4 potions of cancellation
 P - a potion of berserk rage
 V - 2 potions of magic
Miscellaneous
 I - a condenser vane
 U - a lightning rod (4/4) (quivered)


   Skills:
 + Level 16.8 Fighting
 - Level 16.0 Long Blades
 + Level 16.7 Armour
 + Level 15.1 Dodging
 + Level 16.7 Shields
 + Level 9.8 Evocations


You had 17 spell levels left.
You didn't know any spells.
Your spell library contained the following spells:

 Spells                   Type           Power      Damage    Failure   Level
 Blink                    Tloc           0%         N/A       99%         2
 Corpse Rot               Necr/Air       0%         N/A       99%         2
 Poisonous Vapours        Pois/Air       0%         N/A       99%         2
 Gell's Gravitas          Tloc           0%         N/A       100%        3
 Lesser Beckoning         Tloc           0%         N/A       100%        3
 Ozocubu's Armour         Ice            0%         N/A       100%        3
 Teleport Other           Tloc           0%         N/A       100%        3
 Cause Fear               Hex            0%         N/A       100%        4
 Dispel Undead            Necr           0%         3d6       100%        4
 Leda's Liquefaction      Hex/Erth       0%         N/A       100%        4
 Olgreb's Toxic Radiance  Pois           0%         N/A       100%        4
 Agony                    Necr           0%         N/A       100%        5
 Lee's Rapid Deconstruct  Erth           0%         3d5*      100%        5
 Manifold Assault         Tloc           0%         N/A       100%        5
 Metabolic Englaciation   Hex/Ice        0%         N/A       100%        5
 Silence                  Hex/Air        0%         N/A       100%        5
 Dispersal                Tloc           0%         N/A       100%        6
 Borgnjor's Revivificati  Necr           0%         N/A       100%        8
 Disjunction              Tloc           0%         N/A       100%        8
 Maxwell's Capacitive Co  Air            0%         ∞         100%        8
 Animate Skeleton         Necr           Unusable   N/A       N/A         1
 Foxfire                  Conj/Fire      Unusable   2x1d4     N/A         1
 Sting                    Tmut/Pois      Unusable   1d3       N/A         1
 Static Discharge         Conj/Air       Unusable   N/A       N/A         2
 Conjure Flame            Conj/Fire      Unusable   6-21      N/A         3
 Dazzling Flash           Conj/Hex       Unusable   N/A       N/A         3
 Inner Flame              Hex/Fire       Unusable   N/A       N/A         3
 Flame Wave               Conj/Fire      Unusable   2d4       N/A         4
 Petrify                  Tmut/Erth      Unusable   N/A       N/A         4
 Lightning Bolt           Conj/Air       Unusable   1d11      N/A         5
 Death Channel            Necr           Unusable   N/A       N/A         6
 Statue Form              Tmut/Erth      Unusable   N/A       N/A         6
 Dragon Form              Tmut           Unusable   N/A       N/A         7
 Dragon's Call            Summ           Unusable   N/A       N/A         9

Dungeon Overview and Level Annotations

Branches:
Dungeon (15/15)            Temple (1/1) D:5            Lair (6/6) D:9
 Shoals (4/4) Lair:2       Spider (4/4) Lair:4        Slime (0/5) Lair:5
    Orc (2/2) D:10            Elf (0/3) Orc:2        Vaults (2/5) D:13
  Crypt (0/3) Vaults:2     Depths (0/4) D:15          Sewer (visited)
Gauntlet (visited)

Altars:
Ashenzari
Cheibriados
Elyvilon
Fedhas
Gozag
Hepliaklqana
Kikubaaqudgha
Makhleb
Okawaru
Qazlal
Ru
Trog
Uskayaw
Vehumet
Wu Jian
Xom
Beogh
Jiyva

Shops:
Orc:2 *[[(   Vaults:1 (

Annotations:
D:14 Louise


Innate Abilities, Weirdness & Mutations

You have a pair of horns on your head.
Your magical capacity is low. (-10% MP)
You are hated by all.
You cannot study or cast Conjurations magic.
You cannot study or cast Fire magic.
You cannot study or cast Transmutations magic.
You are somewhat unskilled. (-1 Apt)
You are sensitive to extremes of temperature. (rF-, rC-)
You reflexively headbutt those who attack you in melee.
You are partially covered in iridescent scales. (AC +2)
You are clumsy. (Dex -2)


Message History

The vault sentinel is severely wounded.
You hit the vault sentinel but do no damage.
The vault sentinel is severely wounded.
The lindwurm breathes flames at you. The blast of flame hits you!
The fire burns you terribly!
* * * LOW HITPOINT WARNING * * *
The vault sentinel closely misses you.
Unknown command.
Unknown command.
You hit the vault sentinel but do no damage.
Your headbutt misses the vault sentinel.
The vault sentinel is severely wounded.
The vault sentinel blows a loud note on a signal horn!
You hit the lindwurm.
You feel better.
You headbutt the lindwurm!
The lindwurm is moderately wounded.
The lindwurm is stunned by your conviction and fails to attack.
The vault sentinel hits you with a +2 morningstar of protection!!
* * * LOW HITPOINT WARNING * * *
You hit the lindwurm.
The lindwurm is moderately wounded.
The vault sentinel blows a loud note on a signal horn!
Unknown command.
Unknown command.
You hit the lindwurm but do no damage.
You headbutt the lindwurm, but do no damage.
The lindwurm is moderately wounded.
You block the lindwurm's attack.
The lindwurm claws you but does no damage.
You block the lindwurm's attack. You block the vault sentinel's attack.
Unknown command.
You hit the lindwurm.
You feel better.
You headbutt the lindwurm.
The lindwurm is heavily wounded.
You block the lindwurm's attack. x2
The lindwurm claws you but does no damage.
The vault sentinel blows a loud note on a signal horn!
You puncture the lindwurm! You headbutt the lindwurm!
The lindwurm is almost dead.
The lindwurm breathes flames at you. The blast of flame hits you!!!
The fire burns you terribly!
You die...

####..=..#### #......# ##.).##
##)####### #######+########
#.......# ....p.J........#
#.......# c.O..........).#
#.......#
.............))########.......##
..............))p........#.....#
...............#k.#...#.....#..#
##########..p..#@p...#...#.....#
.. #.....#.#......#...#..# ...
#.....#....#..........# ###
#.....##.......########
#.....##.......#
#.....##.......#
#.....##.......#
#.....########## #.....#


You could see 2 vault sentinels and a lindwurm (catching breath).

Vanquished Creatures
  Arachne (Spider:3)
  Jorgrun (D:10)
  The ghost of LobsterGuardian the Ruinous, an adept TeCj of Vehumet (Spider:2)
  Polyphemus (Shoals:4)
  Agnes (Spider:1)
  A kraken (Shoals:2)
  Roxanne (Spider:2)
  Donald (Spider:1)
  Ilsuiw (Shoals:2)
  4 ghost moths (Spider:4)
  2 orc warlords (Orc:1)
  2 vault wardens (Vaults:1)
  A shard shrike simulacrum (Abyss:3)
  3 emperor scorpions
  A war gargoyle (D:13)
  4 broodmothers
  2 ironbound preservers
  Nessos (D:13)
  4 very ugly things
  5 entropy weavers
  2 minotaurs
  The ghost of spaghetti the Spry, a journeyman DDHu of Ru (D:11)
  3 dire elephants (Vaults:1)
  7 merfolk impalers
  7 merfolk javelineers
  A yaktaur captain (Vaults:1)
  A crystal guardian (Vaults:2)
  2 great orbs of eyes
  3 rakshasas (D:15)
  Josephine (Spider:1)
  3 boulder beetles
  2 jorogumos
  Harold (D:14)
  A peacekeeper (Vaults:2)
  2 catoblepae
  5 radroaches
  7 hydras
  An ironbound frostheart (Vaults:1)
  An ogre mage (D:12)
  A death knight (D:12)
  3 merfolk aquamancers (Shoals:4)
  12 centaur warriors
  An anaconda (Lair:6)
  2 dancing weapons (D:13)
  7 two-headed ogres
  4 alligator snapping turtles
  2 tengu warriors
  6 death yaks
  Urug (D:13)
  A death scarab (Spider:2)
  6 satyrs
  An orc high priest (Orc:2)
  A shock serpent (shapeshifter) (D:13)
  4 sun demons
  Nergalle (Lair:4)
  A hell knight (D:13)
  3 deep trolls (Vaults:1)
  2 sun moths
  6 pharaoh ants
  13 sea snakes
  4 steelbarb worms
  A large abomination (Abyss:3)
  An obsidian statue (Shoals:2)
  2 ironbound convokers (Vaults:1)
  5 lindwurms
  A deep elf pyromancer (D:12)
  3 orc knights
  10 orb spiders
  A wizard (Vaults:1)
  14 harpies
  Pikel (D:6)
  17 wolf spiders
  22 fauns
  21 ugly things
  11 cyclopes
  A shining eye (Gauntlet)
  9 merfolk sirens
  10 elephants
  3 orc sorcerers
  11 manticores
  2 moths of wrath
  4 vault sentinels (Vaults:1)
  A black mamba (Lair:5)
  A gargoyle (D:10)
  2 cane toads (Lair:3)
  An eye of devastation (Gauntlet)
  8 torpor snails
  11 water nymphs
  2 unseen horrors
  3 demonic crawlers (Spider:1)
  An orange demon (Abyss:3)
  3 rime drakes
  2 yaktaurs (Vaults:1)
  7 komodo dragons
  2 freezing wraiths (D:11)
  An ancient zyme (Abyss:3)
  8 trolls
  3 meliai (Spider:3)
  4 polar bears (Lair:6)
  26 merfolk
  5 wind drakes
  5 hornets
  40 tarantellas
  16 slime creatures
  6 dream sheep (Lair:6)
  13 blink frogs
  A raiju (Abyss:3)
  12 snapping turtles
  4 small abominations (Abyss:3)
  23 jumping spiders
  8 water elementals
  29 culicivoras
  A vampire (Abyss:3)
  12 spriggans
  Sigmund (D:6)
  10 wraiths
  49 yaks
  2 fire bats (Abyss:3)
  6 wyverns
  A golden eye (Gauntlet)
  4 basilisks
  2 neqoxecs (Abyss:3)
  43 redbacks
  A steam dragon (D:8)
  Menkaure (D:6)
  7 vampire mosquitoes
  2 wargs
  3 acid dragons
  Edmund (D:6)
  2 floating eyes (Gauntlet)
  20 water moccasins
  A swamp drake (Lair:5)
  35 orc warriors
  A sky beast (D:5)
  5 black bears
  9 ogres
  A tengu (shapeshifter) (Vaults:1)
  32 wolves
  12 centaurs
  9 boggarts
  A lemure (D:5)
  A phantom (D:6)
  A kobold brigand (D:9)
  A gnoll sergeant (D:9)
  12 bullfrogs
  5 scorpions
  3 necrophages
  7 wights
  4 killer bees (D:11)
  8 howler monkeys
  2 electric eels
  6 hounds
  2 jellies
  A gnoll shaman (D:7)
  21 orc priests
  5 iguanas
  21 orc wizards
  10 gnolls
  34 adders
  4 river rats
  3 shadow imps
  6 white imps
  2 ufetubi
  6 worms
  4 dart slugs
  104 orcs
  10 ball pythons
  15 bats
  9 endoplasms
  2 giant cockroaches
  6 goblins
  9 hobgoblins
  4 jackals
  18 kobolds
  7 quokkas
  8 frilled lizards
  15 rats
  A bush (Abyss:4)
  A lurking horror (Abyss:3)
  3 tentacles (Shoals:2)
1224 creatures vanquished.

Vanquished Creatures (others)
  A broodmother (Spider:4)
  A war gargoyle (Vaults:2)
  A merfolk impaler (Shoals:4)
  A jorogumo (Spider:4)
  A centaur warrior (Vaults:1)
  A wretched star (Abyss:3)
  An orc knight (D:13)
  A sea snake (Shoals:3)
  An ugly thing (Vaults:1)
  A manticore (Shoals:4)
  An orc sorcerer (Orc:2)
  A moth of wrath (Spider:2)
  2 wolf spiders
  A yaktaur (Vaults:1)
  A demonic crawler (Spider:4)
  3 merfolk
  A hornet (Lair:6)
  A snapping turtle (Shoals:2)
  A jumping spider (Spider:4)
  A jumping spider (shapeshifter) (D:15)
  A water elemental (Shoals:4)
  A culicivora (Spider:1)
  A vampire (D:14)
  2 orc warriors (Orc:2)
  A boggart (D:15)
  2 wolves (Lair:6)
  A kobold brigand (D:9)
  A howler monkey (D:13)
  5 orcs
  2 bushes (Lair:6)
  A demonic plant (Abyss:4)
  42 fungi
  112 plants
  2 starspawn tentacles (Abyss:3)
  19 tentacles (Shoals:2)
216 creatures vanquished.

Grand Total: 1440 creatures vanquished

Notes
Turn   | Place    | Note
-------+----------+-------------------------------------------
     0 | D:1      | siradein the Minotaur Fighter began the quest for the Orb.
     0 | D:1      | Reached XP level 1. HP: 19/19 MP: 0/0
   154 | D:1      | Reached XP level 2. HP: 27/27 MP: 1/1
   651 | D:1      | Found a faded altar of an unknown god.
   696 | D:1      | Reached XP level 3. HP: 33/33 MP: 2/2
  1171 | D:2      | Found a white marble altar of Elyvilon.
  1282 | D:2      | Reached skill level 1 in Dodging
  1351 | D:2      | Reached XP level 4. HP: 37/40 MP: 3/3
  1737 | D:3      | Found a glowing drain.
  1744 | Sewer    | Entered a sewer
  1922 | Sewer    | Reached XP level 5. HP: 43/47 MP: 4/4
  2487 | D:3      | Found an opulent altar of Gozag.
  2734 | D:3      | Reached skill level 5 in Armour
  2734 | D:3      | Reached XP level 6. HP: 55/55 MP: 5/5
  2755 | D:3      | Identified the +3 dagger "Gatus" {venom, Str+4}
  3055 | D:3      | Found a blossoming altar of Fedhas.
  3272 | D:4      | Reached skill level 5 in Fighting
  3272 | D:4      | Reached skill level 5 in Shields
  3446 | D:4      | Reached XP level 7. HP: 55/61 MP: 6/6
  4325 | D:5      | Entered Level 5 of the Dungeon
  4372 | D:5      | Reached skill level 5 in Long Blades
  4428 | D:5      | Noticed a troll
  4826 | D:5      | Reached XP level 8. HP: 67/70 MP: 7/7
  5701 | D:5      | Killed a troll
  5702 | D:5      | Reached skill level 5 in Dodging
  6033 | D:5      | Found a staircase to the Ecumenical Temple.
  6043 | Temple   | Entered the Ecumenical Temple
  6088 | Temple   | Became a worshipper of Ru the Awakened
  6315 | D:6      | Reached XP level 9. HP: 79/79 MP: 8/8
  6603 | D:6      | Killed an unseen horror
  6986 | D:6      | Noticed Sigmund
  6997 | D:6      | Killed Sigmund
  6998 | D:6      | Noticed Edmund
  7051 | D:6      | Killed Edmund
  7262 | D:6      | You fall into a shaft and drop 2 floors!
  7538 | D:7      | Noticed a two-headed ogre
  7802 | D:6      | Noticed Pikel
  7803 | D:6      | Noticed Menkaure
  8092 | D:6      | Killed Menkaure
  8464 | D:6      | Found an ornate altar of the Wu Jian Council.
  8509 | D:6      | Killed Pikel
  9056 | D:6      | Reached XP level 10. HP: 82/90 MP: 9/9
  9299 | D:7      | Found an iron altar of Okawaru.
  9310 | D:7      | Killed a two-headed ogre
  9939 | D:8      | Noticed a two-headed ogre
  9961 | D:8      | Killed a two-headed ogre
 10320 | D:8      | Noticed a purple ugly thing
 10346 | D:8      | Killed a purple ugly thing
 10751 | D:9      | Found a bloodstained altar of Trog.
 11051 | D:9      | Reached XP level 11. HP: 98/99 MP: 10/10
 11148 | D:9      | Found a hazy altar of Hepliaklqana.
 11181 | D:9      | Reached skill level 10 in Armour
 11187 | D:9      | Reached skill level 10 in Fighting
 11194 | D:9      | Reached skill level 10 in Shields
 11624 | D:8      | Reached skill level 10 in Long Blades
 11636 | D:9      | Found a staircase to the Lair.
 12459 | D:10     | Entered Level 10 of the Dungeon
 12688 | D:10     | Noticed a two-headed ogre
 12704 | D:10     | Killed a two-headed ogre
 12820 | D:10     | Noticed a centaur warrior
 12834 | D:10     | Killed a centaur warrior
 13049 | D:10     | Found a staircase to the Orcish Mines.
 13076 | D:10     | Identified the +3 chain mail of Patterns {Str+4}
 13417 | D:11     | Noticed a tengu warrior
 13417 | D:11     | Noticed spaghetti's ghost (journeyman DDHu)
 13423 | D:11     | Found a transporter.
 13675 | D:11     | Noticed a four-headed hydra
 13715 | D:11     | Found a bloodstained altar of Trog.
 13970 | D:11     | Reached XP level 12. HP: 108/110 MP: 11/11
 13975 | D:11     | Found a transporter.
 14230 | D:11     | Killed a four-headed hydra
 14593 | D:11     | Found a transporter.
 14628 | D:11     | Found a bloodstained altar of Trog.
 14629 | D:11     | Found a transporter.
 15007 | Lair:1   | Entered Level 1 of the Lair of Beasts
 15267 | Lair:1   | Found a snail-covered altar of Cheibriados.
 15297 | Lair:1   | Reached skill level 10 in Dodging
 15673 | Lair:1   | Found a runed translucent door.
 15758 | Lair:1   | Noticed a four-headed hydra
 15776 | Lair:1   | Killed a four-headed hydra
 15941 | Lair:1   | Gained mutation: You are hated by all. [Ru sacrifice]
 15941 | Lair:1   | Reached * piety under Ru
 15941 | Lair:1   | Reached ** piety under Ru
 16910 | Lair:2   | Found a staircase to the Shoals.
 18754 | Lair:3   | Gained mutation: You are sensitive to extremes of
                  | temperature. (rF-, rC-) [Ru sacrifice]
 18754 | Lair:3   | Reached *** piety under Ru
 18754 | Lair:3   | Reached **** piety under Ru
 19365 | Lair:4   | Noticed a catoblepas
 19373 | Lair:4   | Killed a catoblepas
 19399 | Lair:4   | Reached XP level 13. HP: 110/119 MP: 12/12
 19507 | Lair:4   | Noticed Nergalle
 19544 | Lair:4   | Killed Nergalle
 19872 | Lair:4   | Found the +7 mace of Variability {chain chaos}
 20164 | Lair:4   | Found a hole to the Spider Nest.
 20981 | Lair:5   | Found a staircase to the Slime Pits.
 21562 | Lair:5   | Gained mutation: You are somewhat unskilled. (-1 Apt) [Ru
                  | sacrifice]
 21562 | Lair:5   | Reduced skill Dodging to level 10
 21562 | Lair:5   | Reached ***** piety under Ru
 21587 | Lair:5   | Reached skill level 1 in Evocations
 22298 | Lair:6   | Entered Level 6 of the Lair of Beasts
 24354 | Lair:6   | Reached XP level 14. HP: 119/127 MP: 13/13
 24398 | Lair:6   | Gained mutation: You cannot study or cast Fire magic. [Ru
                  | sacrifice]
 24398 | Lair:6   | Gained mutation: You cannot study or cast Transmutations
                  | magic. [Ru sacrifice]
 24398 | Lair:6   | Gained mutation: You cannot study or cast Conjurations
                  | magic. [Ru sacrifice]
 26567 | D:12     | Identified the +2 pair of gloves of the Komodo Dragon {Harm
                  | rC- Dex+4}
 26789 | D:12     | Found a bloodstained altar of Trog.
 26997 | Orc:1    | Entered Level 1 of the Orcish Mines
 26997 | Orc:1    | Noticed Jorgrun
 27087 | D:10     | HP: 3/127 [constriction (10)]
 27098 | D:10     | Killed Jorgrun
 27320 | Orc:1    | Paralysed by an orc sorcerer for 2 turns
 27481 | Orc:2    | Entered Level 2 of the Orcish Mines
 27527 | Orc:2    | Gained mutation: Your magical capacity is low. (-10% MP)
                  | [Ru sacrifice]
 27527 | Orc:2    | Reached ****** piety under Ru
 27775 | Orc:2    | Noticed an orc warlord
 27916 | Orc:1    | Killed an orc warlord
 28342 | Orc:2    | Noticed an orc warlord
 28528 | Orc:1    | Killed an orc warlord
 28857 | Orc:2    | Found Vuhotz's Antique Armour Shoppe.
 28900 | Orc:2    | Found Vegoxauh's Assorted Antiques.
 28908 | Orc:2    | Bought a potion of curing for 102 gold pieces
 28908 | Orc:2    | Bought a scroll of identify for 68 gold pieces
 28920 | Orc:2    | Found a staircase to the Elven Halls.
 29225 | Orc:2    | Found Junyikle's Antique Armour Emporium.
 29226 | Orc:2    | Found Kaecoath's Antique Weapon Shoppe.
 29485 | D:13     | Noticed Nessos
 29522 | D:13     | Killed Nessos
 29799 | D:13     | Found a gate to the Vaults.
 29848 | D:13     | Reached XP level 15. HP: 46/136 MP: 12/12
 29892 | D:13     | Reached skill level 5 in Evocations
 30089 | D:13     | Got the Handbook of Freezing Darkness
 30254 | D:11     | Killed spaghetti's ghost
 31017 | D:14     | Found a gate leading to a gauntlet.
 31040 | Gauntlet | Entered a Gauntlet
 31040 | Gauntlet | Found a transporter.
 31050 | Gauntlet | Found a transporter.
 31052 | Gauntlet | Found a transporter.
 31053 | Gauntlet | Found a transporter.
 31059 | Gauntlet | Found a runed translucent gate.
 31061 | Gauntlet | Found a transporter.
 31062 | Gauntlet | Found a runed translucent gate.
 31063 | Gauntlet | Found a runed translucent gate.
 31064 | Gauntlet | Found a transporter.
 31065 | Gauntlet | Found a transporter.
 31077 | Gauntlet | Found a transporter.
 31078 | Gauntlet | Found a transporter.
 31078 | Gauntlet | Found a transporter.
 31086 | Gauntlet | Found a transporter.
 31089 | Gauntlet | Found a transporter.
 31090 | Gauntlet | Found a transporter.
 31099 | Gauntlet | Found a transporter.
 31303 | Gauntlet | Gained mutation: You are weak. (Str -2) [a shining eye]
 31308 | Gauntlet | Lost mutation: You are weak. (Str -2) [potion of mutation]
 31308 | Gauntlet | Gained mutation: Your muscles are strong. (Str +2) [potion
                  | of mutation]
 31308 | Gauntlet | Gained mutation: You are partially covered in iridescent
                  | scales. (AC +2) [potion of mutation]
 31491 | D:14     | Noticed Harold
 31491 | D:14     | Noticed Urug
 31491 | D:14     | Noticed Louise
 31654 | D:14     | Killed Harold
 31779 | D:13     | Killed Urug
 32524 | D:15     | Entered Level 15 of the Dungeon
 32989 | D:14     | Paralysed by a great orb of eyes for 6 turns
 33965 | D:15     | Found a staircase to the Depths.
 34205 | Shoals:1 | Entered Level 1 of the Shoals
 35198 | Shoals:2 | Reached XP level 16. HP: 147/147 MP: 13/13
 35857 | Shoals:2 | Noticed a kraken
 36046 | Shoals:2 | Noticed Ilsuiw
 36624 | Shoals:2 | Killed a kraken
 36765 | Shoals:2 | Killed Ilsuiw
 37376 | Shoals:3 | Found a frozen archway.
 38551 | Shoals:4 | Entered Level 4 of the Shoals
 38670 | Shoals:4 | Reached skill level 15 in Fighting
 38676 | Shoals:4 | Reached skill level 15 in Shields
 38994 | Shoals:4 | Reached skill level 15 in Armour
 39472 | Shoals:4 | Got a barnacled rune of Zot
 39566 | Shoals:4 | Cast into level 3 of the Abyss (merfolk impaler)
 39684 | Abyss:3  | Lost mutation: Your muscles are strong. (Str +2) [a
                  | neqoxec]
 39773 | Abyss:3  | Noticed an Executioner
 39785 | Abyss:3  | Found a corrupted altar of Lugonu.
 39949 | Abyss:3  | Noticed a tentacled starspawn
 40019 | Abyss:3  | Noticed a tentacled starspawn
 40020 | Abyss:3  | HP: 4/149 [raiju/living lightning (13)]
 40153 | Shoals:4 | Escaped the Abyss
 40312 | Shoals:4 | Reached XP level 17. HP: 109/154 MP: 14/14
 40316 | Shoals:4 | Identified the ring "Viall" {*Slow +Blink rN++ Str+4 Dex+6}
 40384 | Shoals:4 | Reached skill level 15 in Long Blades
 40461 | Shoals:4 | Noticed Polyphemus
 40498 | Shoals:4 | Killed Polyphemus
 41207 | Orc:2    | Bought a warped scale mail for 306 gold pieces
 41207 | Orc:2    | Identified the +1 scale mail "Curanar" {Harm *Slow rF+
                  | Will+} (You bought it in a shop on level 2 of the Orcish
                  | Mines)
 41382 | Spider:1 | Entered Level 1 of the Spider Nest
 41541 | Spider:1 | Noticed Donald
 41560 | Spider:1 | Killed Donald
 41620 | Spider:1 | Noticed Josephine
 41644 | Spider:1 | Killed Josephine
 41885 | Spider:1 | Identified the ring of Internal Strife {*Corrode rElec
                  | rPois Str+4 Dex-3}
 42980 | Spider:2 | Noticed Roxanne
 43096 | Spider:2 | Noticed Agnes
 43107 | Spider:1 | Killed Agnes
 43292 | Spider:2 | Found a transporter.
 43311 | Spider:2 | Noticed LobsterGuardian's ghost (adept TeCj)
 43573 | Spider:2 | Found a hide-covered altar of Uskayaw.
 43762 | Spider:2 | Found a transporter.
 43929 | Spider:2 | Killed Roxanne
 44120 | Spider:2 | Gained mutation: You are clumsy. (Dex -2) [mutagenic glow]
 44627 | Spider:2 | Killed LobsterGuardian's ghost
 44781 | Spider:3 | Identified the +5 quarterstaff of Magnificence {drain,
                  | *Corrode Will+ Str+3}
 44926 | Spider:3 | Noticed Arachne
 44949 | Spider:3 | Killed Arachne
 45753 | Spider:3 | Reached XP level 18. HP: 166/166 MP: 15/15
 45900 | Spider:4 | Entered Level 4 of the Spider Nest
 47122 | Spider:4 | Identified the +0 pair of gloves "Buyjuon" {Contam MP+9
                  | Int+5}
 47132 | Spider:4 | Got a gossamer rune of Zot
 47570 | Vaults:1 | Entered Level 1 of the Vaults
 47843 | Vaults:1 | Found Xujilaet's Antique Weapon Emporium.
 47894 | Vaults:1 | You fall into a shaft and drop 1 floor!
 47910 | Vaults:2 | Reached skill level 15 in Dodging
 48242 | Vaults:1 | Paralysed by a great orb of eyes for 5 turns
 48267 | Vaults:1 | Killed from afar by a lindwurm

Illustrated notes

Levels and vault maps discovered:
D:1:      lightli_arrival_windingriver, layout_loops_ring,
          shapermc_ecumenical_altar_venn, minmay_misc_feat_doors
D:2:      layout_rooms, basic_altar, minmay_misc_feat_iff
D:3:      minmay_chambers_of_threes, layout_basic, fedhas_altar_3,
          grunt_gozag_statues, portal_sewer_entry_b, serial_glass,
          glass_columns_a, glass_columns_c, minmay_large_rounded_square
D:4:      minmay_angry_zag, layout_basic, serial_aquarium,
          aquarium_bridge_square [aquarium_subvault_bridge,
          aquarium_subvault_bridge, aquarium_subvault_balcony,
          aquarium_subvault_wall], aquarium_bridge_island_small
          [aquarium_subvault_small_water, aquarium_subvault_bridge,
          aquarium_subvault_bridge, aquarium_subvault_window,
          aquarium_subvault_balcony], aquarium_window_2, aquarium_window_fake,
          aquarium_window_corner, aquarium_window_corner, aquarium_view_2c,
          aquarium_view_2g, aquarium_pool_four
D:5:      cheibrodos_fzero, layout_cave_pools, minmay_temple_entry_poolview
D:6:      layout_basic, pdpol_wu_jian_five_deadly_venoms, uniq_pikel,
          uniq_sigmund, uniq_menkaure, uniq_edmund
D:7:      layout_cave_pools, general_overflow_altar
D:8:      layout_loops_ring
D:9:      layout_roguey, mainiacjoe_overflow_tiny_flanked,
          nicolae_overflow_crystal_walls, minmay_lair_entry_grove,
          nicolae_water_bricks, grunt_ministairs_13,
          nicolae_figureground_sparkle
D:10:     layout_cave_pools, david_orc_5
D:11:     layout_rooms, gammafunk_ghost_wrathful_warriors
D:12:     minmay_razor_zed, layout_rooms, serial_rivers,
          chequers_serial_rivers_small_a, chequers_serial_rivers_small_b,
          chequers_serial_rivers_micro_a, chequers_serial_rivers_micro_c,
          chequers_serial_rivers_small_a, chequers_serial_rivers_micro_e,
          tgw_trog
D:13:     layout_rooms, erik_vaults_1, uniq_nessos
D:14:     layout_basic, corexii_leaking_fountain, gauntlet_entry_generic,
          sword_in_stone
D:15:     gammafunk_enter_depths_forms, layout_long_grid, glass_columns_a
Temple:   nicolae_temple_elliptical
Lair:1:   dreamdust_labyrinth, layout_cave_pods, kennysheep_snail_temple
Lair:2:   layout_chaotic_city, elwin_shoals_entry_stream
Lair:3:   layout_gridlike, serial_bayou_shore_a, grunt_megastairs_4,
          lemuel_fruit_fields
Lair:4:   layout_roguey, hellmonk_spider_entry_life_and_decay,
          lemuel_fruit_tree, uniq_nergalle
Lair:5:   lemuel_reptile_caves, layout_loops_ring, slime_altar_1
Lair:6:   minmay_lair_end_enchanted_forest, layout_regular_city
Shoals:1: layout_shoals
Shoals:2: layout_shoals, dpeg_stationary_puzzle, uniq_ilsuiw
Shoals:3: layout_shoals, portal_ice_cave_entry_pillars_four,
          nicolae_shoals_sun_and_surf
Shoals:4: shoals_end_simple, layout_shoals, uniq_polyphemus
Spider:1: layout_chambers, uniq_donald, uniq_josephine
Spider:2: layout_spider_delve, gammafunk_ghost_arena,
          nicolae_spider_altar_of_dancing, uniq_agnes, uniq_roxanne
Spider:3: layout_chambers, uniq_arachne
Spider:4: grunt_spider_rune_parallel
Orc:1:    layout_caves, uniq_jorgrun
Orc:2:    grunt_orc_community_town_hall, layout_caves,
          grunt_orc_community_big_house_2, grunt_orc_community_big_house_1,
          grunt_orc_community_house_1, grunt_orc_community_house_2,
          grunt_orc_community_house_3, grunt_orc_community_house_3,
          grunt_orc_community_house_1, nicolae_orc_tapped_out
Vaults:1: hangedman_vaults_nails, nicolae_vaults_sealed_display,
          nicolae_vaults_murderbox, v_misc_5, vaults_room_ringed_pool,
          hangedman_vaults_river_flow, vaults_mumra_hexcomb,
          grunt_vaults_hallway_short, nicolae_vaults_asterisk, v_misc_30,
          vaults_room_hallway, ontoclasm_vaults_fault, layout_vaults_ring,
          serial_shops, shop
Vaults:2: v_pattern_5, v_rooms_2, nicolae_vaults_network_square, v_misc_11,
          vaults_standard_mumra_x, nicolae_vaults_little_ls,
          minmay_crypt_entry_simple_box, layout_vaults_omnigrid, serial_shops,
          shop_fountains

Skill      XL: |  1  2  3  4  5  6  7  8  9 10 11 12 13 14 15 16 17 18 |
---------------+-------------------------------------------------------+-----
Armour         | 4 5 6 7 8 9 11 12 12 13 14 15 16 | 16.7
Fighting       | 4 5 6 7 8 9 11 12 12 13 14 15 16 | 16.8
Shields        | 4 5 6 7 8 9 11 12 12 13 14 15 16 | 16.7
Long Blades    | 3 4 5 6 8 9 10 12 12 13 14 15 16 | 16.0
Dodging        | 1 2 3 4 5 6 8 9 10 11 12 13 14 15 | 15.1
Evocations     | 2 4 6 7 8 9 |  9.8

Action                   |  1- 3 |  4- 6 |  7- 9 | 10-12 | 13-15 | 16-18 || total
-------------------------+-------+-------+-------+-------+-------+-------++-------
Melee: Long sword        |    30 |    41 |    82 |   627 |  1321 |       ||  2101
       Headbutt          |    15 |    30 |    81 |   194 |   523 |   648 ||  1491
       Rapier            |    59 |   128 |       |       |       |    11 ||   198
       Dagger            |       |    51 |   294 |   105 |    39 |       ||   489
       Double sword      |       |       |       |       |   490 |  2069 ||  2559
Throw: Throwing net      |       |       |       |       |     2 |       ||     2
Invok: Reject Sacrifices |       |       |     1 |       |       |       ||     1
       Sacrifice Love    |       |       |       |     1 |       |       ||     1
       Sacrifice Resista |       |       |       |     1 |       |       ||     1
       Sacrifice Skill   |       |       |       |       |     1 |       ||     1
       Sacrifice Essence |       |       |       |       |     1 |       ||     1
       Sacrifice Arcana  |       |       |       |       |     1 |       ||     1
       Draw Out Power    |       |       |       |       |       |     5 ||     5
       Power Leap        |       |       |       |       |       |     1 ||     1
Evoke: Wand              |       |       |       |     3 |     2 |       ||     5
       Lightning rod     |       |       |       |       |       |     3 ||     3
       Condenser vane    |       |       |       |       |       |     1 ||     1
  Use: Scroll            |       |     4 |     2 |     9 |    19 |    21 ||    55
       Potion            |       |       |     1 |       |     3 |     6 ||    10
 Stab: Invisible         |       |       |       |       |    18 |    17 ||    35
       Confused          |       |       |       |       |     5 |     2 ||     7
       Distracted        |       |       |       |       |    12 |    12 ||    24
       Paralysed         |       |       |       |       |     8 |    13 ||    21
       Held in net/web   |       |       |       |       |     2 |       ||     2
       Petrified         |       |       |       |       |       |     7 ||     7
       Petrifying        |       |       |       |       |       |     1 ||     1
Armor: Scale mail        |    15 |       |       |       |       |       ||    15
       Chain mail        |    24 |       |       |    55 |   641 |   864 ||  1584
       Plate armour      |    11 |   164 |   238 |   176 |       |       ||   589
       Acid dragon scale |       |       |       |    60 |       |       ||    60
Dodge: Dodged            |    36 |    63 |   132 |   300 |   807 |   929 ||  2267
Block: Buckler           |    15 |    60 |    99 |   194 |   420 |       ||   788
       Kite shield       |       |       |       |       |   472 |  1735 ||  2207
       Reflection        |       |       |       |       |       |    17 ||    17

Table legend: (Time is in decaauts)
 A = Elapsed time spent in this place.
 B = Non-inter-level travel time spent in this place.
 C = Inter-level travel time spent in this place.
 D = Time resting spent in this place.
 E = Time spent auto-exploring this place.
 F = Levels seen in this place.
 G = Mean time per level.
                   A        B        C        D        E       F      G
               +--------+--------+--------+--------+--------+-----+--------+
         Total |  47904 |  45467 |   2437 |   5672 |  27485 |  38 | 1260.6 |
       Dungeon |  20070 |  19088 |    982 |   2817 |  11328 |  15 | 1338.0 |
        Temple |     76 |     76 |      0 |      0 |     35 |   1 |   76.0 |
          Lair |  11292 |  10313 |    979 |   1431 |   7363 |   6 | 1882.0 |
        Shoals |   6140 |   5944 |    196 |    531 |   3617 |   4 | 1535.0 |
   Spider Nest |   5739 |   5556 |    183 |    620 |   3030 |   4 | 1434.8 |
  Orcish Mines |   2152 |   2058 |     94 |    213 |   1112 |   2 | 1076.0 |
        Vaults |    614 |    614 |      0 |     55 |    263 |   2 |  307.0 |
         Abyss |    580 |    580 |      0 |      0 |     18 |   2 |  290.0 |
         Sewer |    861 |    861 |      0 |      0 |    565 |   1 |  861.0 |
      Gauntlet |    375 |    375 |      0 |      3 |    152 |   1 |  375.0 |
               +--------+--------+--------+--------+--------+-----+--------+

Top non-repeatable levels by time:
  Lair:6: 2359 daAuts
     D:6: 2348 daAuts
Shoals:2: 2289 daAuts
  Lair:5: 2268 daAuts
  Lair:1: 2210 daAuts
    D:11: 2017 daAuts
     D:4: 1891 daAuts
Spider:1: 1804 daAuts
     D:9: 1715 daAuts
Shoals:4: 1707 daAuts
  Lair:3: 1609 daAuts
    D:10: 1543 daAuts
    D:14: 1462 daAuts
  Lair:4: 1452 daAuts
   Orc:2: 1398 daAuts
